 Dungeon Crawl Stone Soup version 0.26-a0-966-gd078a86f14 (console) character file.

Game seed: 16829430816330727043

66 Ignak the Ogre Mage (level 4, -6/41 HPs)
             Began as an Ogre Hedge Wizard on Dec 3, 2020.
             Killed by nerve-wracking pain
             ... invoked by Jessica
              (10 damage)
             ... on level 1 of the Dungeon.
             The game lasted 00:05:30 (2077 turns).

Ignak the Ogre Mage (Ogre Hedge Wizard)             Turns: 2077, Time: 00:05:31

Health: -6/41      AC:  3    Str: 15    XL:     4   Next: 15%
Magic:  0/9        EV: 10    Int: 15    God:
Gold:   70         SH:  0    Dex:  8    Spells: 2/10 levels left

rFire    . . .     SeeInvis .   l - +0 spear
rCold    . . .     Faith    .   (no shield)
rNeg     . . .     Spirit   .   b - +0 robe
rPois    .         Reflect  .   c - +0 hat
rElec    .         Harm     .   (no cloak)
rCorr    .         Rampage  .   (gloves unavailable)
MR       .....                  (boots unavailable)
Stlth    +.........             (no amulet)
HPRegen  0.13/turn              (no ring)
MPRegen  0.11/turn              (no ring)

@: no status effects
A: large, unfitting armour, tough skin 1
a: no special abilities


You were on level 1 of the Dungeon.
You visited 1 branch of the dungeon, and saw 2 of its levels.

You collected 70 gold pieces.

Inventory:

Hand Weapons
 e - a +0 club
 l - a +0 spear (weapon)
Armour
 b - a +0 robe (worn)
 c - a +0 hat (worn)
Jewellery
 f - an uncursed ring of stealth {unknown}
 i - an uncursed ring of protection from magic {unknown}
Scrolls
 d - a scroll of amnesia {unknown}
 h - a scroll of identify {unknown}
 j - a scroll of fog {unknown}
 k - a scroll of teleportation {unknown}
Potions
 a - a potion of flight {unknown}
 g - a potion of degeneration {unknown}


   Skills:
 + Level 1.5 Fighting
 * Level 0.3 Maces & Flails
 + Level 2.1 Dodging
 - Level 1.4 Stealth
 - Level 0.7 Shields
 - Level 1.0 Unarmed Combat
 + Level 3.9 Spellcasting
 + Level 1.4 Conjurations
 + Level 1.4 Summonings
 - Level 1.0 Translocations


You had 2 spell levels left.
You knew the following spells:

 Your Spells              Type           Power        Failure   Level
a - Magic Dart            Conj           #...         10%         1
b - Blink                 Tloc           N/A          19%         2
d - Mephitic Cloud        Conj/Pois/Air  #.......     41%         3
e - Call Imp              Summ           #.......     16%         2

Your spell library contained the following spells:

 Spells                   Type           Power        Failure   Level
 Slow                     Hex            #.......     28%         2
 Conjure Flame            Conj/Fire      #.......     38%         3


Dungeon Overview and Level Annotations

Branches:
Dungeon (2/15)

Altars:
Yredelemnul

Annotations:
D:1 Jessica


Innate Abilities, Weirdness & Mutations

You are too large for most types of armour.
You have tough skin. (AC +1)


Message History

Pain shoots through your body!
* * * LOW HITPOINT WARNING * * *
There is a stone staircase leading up here.
Jessica grins evilly.
Jessica closely misses you.
You climb upwards.
There is a stone staircase leading down here.
Casting: Mephitic Cloud (quite dangerous; 41% risk of failure)
Confirm with . or Enter, or press ? or * to list all spells.
A beastly little devil appears in a puff of flame.
Jessica hits you but does no damage. Jessica closely misses you.
Jessica hits you.
* * * LOW HITPOINT WARNING * * *
Jessica says, "I'm really upset."
Jessica closely misses you.
There is an open door here.
Okay, then.
Jessica gestures at you while chanting. Pain shoots through your body!
You die...

.≈≈≈≈≈≈≈≈≈≈≈≈≈≈≈≈≈≈≈≈≈≈≈....# #
.≈≈≈#+#'#≈≈≈≈≈≈≈#'#'#≈≈≈....# ###
.≈≈≈'...##'###'##..('≈≈≈....# #..
.≈≈≈'...'.......'...'≈≈≈....###.#
.≈≈≈#+###.#####.###'#≈≈≈......).#
.≈≈≈≈≈+...#(..#...#≈≈≈≈.....#.#.#
.≈≈≈≈≈#.###...'.⌠.'≈≈≈..⌠........
.≈≈≈≈≈#.###.<.'.⌠.'≈≈≈..⌠........
.≈≈≈≈≈'...#...#.@.#≈≈≈≈.....#..##
.≈≈≈#'###.#####.#'#+#≈≈≈....##.##
.≈≈≈'...#..(....#.@.5≈≈≈........#
.≈≈≈'...##(###+##..>'≈≈≈...####.#
.≈≈≈#'#+#≈≈≈≈≈≈≈#'#+#≈≈≈...##....
.≈≈≈≈≈≈≈≈≈≈≈≈≈≈≈≈≈≈≈≈≈≈≈...##....
.≈≈≈≈≈≈≈≈≈≈≈≈≈≈≈≈≈≈≈≈≈≈≈...##....
.≈≈≈≈≈≈≈≈≈≈≈≈≈≈≈≈≈≈≈≈≈≈≈...##....
)........................######'#


You could see Jessica (fast).

Vanquished Creatures
  A gnoll (D:2)
  A giant cockroach (D:1)
  4 goblins
  3 hobgoblins (D:1)
  3 kobolds (D:1)
  4 bats
  2 frilled lizards (D:1)
  2 rats (D:1)
20 creatures vanquished.

Vanquished Creatures (collateral kills)
  6 gnolls
  An adder (D:2)
  A hobgoblin (D:2)
8 creatures vanquished.

Grand Total: 28 creatures vanquished

Notes
Turn   | Place    | Note
-------+----------+-------------------------------------------
     0 | D:1      | Ignak the Ogre Hedge Wizard began the quest for the Orb.
     0 | D:1      | Reached XP level 1. HP: 16/16 MP: 5/5
   205 | D:1      | Reached skill level 1 in Conjurations
   355 | D:1      | Reached skill level 1 in Summonings
   355 | D:1      | Reached skill level 1 in Translocations
   379 | D:1      | Reached XP level 2. HP: 26/26 MP: 3/6
   382 | D:1      | Learned a level 2 spell: Blink
   385 | D:1      | Learned a level 2 spell: Call Imp
  1266 | D:2      | Reached skill level 1 in Fighting
  1266 | D:2      | Reached XP level 3. HP: 23/33 MP: 0/8
  1921 | D:2      | Reached skill level 1 in Unarmed Combat
  1930 | D:2      | Found a basalt altar of Yredelemnul.
  1942 | D:2      | Reached XP level 4. HP: 41/41 MP: 3/9
  2019 | D:2      | Noticed Jessica
  2033 | D:1      | Learned a level 3 spell: Mephitic Cloud
  2077 | D:1      | Killed from afar by Jessica

Illustrated notes

Levels and vault maps discovered:
D:1:      dpeg_arrival_castle, layout_basic, grunt_decor_arrowhead,
          chequers_serial_rivers_micro_a
D:2:      minmay_angry_zag, layout_loops_corners, general_overflow_altar,
          grunt_ministairs_15, guppyfry_early_lair_pool, uniq_jessica,
          uniq_sigmund, uniq_terence, uniq_robin

Skill      XL: |  1  2  3 |
---------------+----------+-----
Conjurations   | 1 |  1.4
Summonings     | 1 |  1.4
Translocations | 1 |  1.0
Dodging        | 2 |  2.1
Fighting       | 1 |  1.5
Unarmed Combat | 1 |  1.0
Maces & Flails | |  0.3
Stealth        | |  1.4
Shields        | |  0.7
Spellcasting   | |  3.9

Action                   |  1- 3 |  4- 6 || total
-------------------------+-------+-------++-------
Melee: Dagger            |    21 |       ||    21
       Club              |    28 |       ||    28
       Spear             |     2 |     7 ||     9
 Cast: Magic Dart        |    32 |       ||    32
       Call Imp          |    14 |     4 ||    18
       Mephitic Cloud    |       |     1 ||     1
Armor: Robe              |    22 |     1 ||    23
Dodge: Dodged            |    55 |    15 ||    70

Table legend: (Time is in decaauts)
 A = Elapsed time spent in this place.
 B = Non-inter-level travel time spent in this place.
 C = Inter-level travel time spent in this place.
 D = Time resting spent in this place.
 E = Time spent auto-exploring this place.
 F = Levels seen in this place.
 G = Mean time per level.
                   A        B        C        D        E       F      G
               +--------+--------+--------+--------+--------+-----+--------+
         Total |   2090 |   2076 |     14 |    489 |   1045 |   2 | 1045.0 |
       Dungeon |   2090 |   2076 |     14 |    489 |   1045 |   2 | 1045.0 |
               +--------+--------+--------+--------+--------+-----+--------+

Top non-repeatable levels by time:
     D:1: 1687 daAuts
     D:2: 403 daAuts
